 Dungeon Crawl Stone Soup version 0.21-a0-528-gf531e82 (webtiles) character file.

497 Amnesiac the Shooter (level 6, -4/47 HPs)
             Began as a Mummy Hunter on Dec 8, 2017.
             Was an Initiate of Okawaru.
             Killed from afar by an orc wizard (19 damage)
             ... with a puff of flame
             ... on level 5 of the Dungeon.
             The game lasted 00:07:13 (4013 turns).

Amnesiac the Shooter (Mummy Hunter)                 Turns: 4013, Time: 00:07:14

Health: -4/47      AC: 13    Str: 18      XL:     6   Next: 93%
Magic:  6/6        EV:  8    Int: 10      God:    Okawaru [......]
Gold:   248        SH:  0    Dex:  9 (12) Spells: 5/5 levels left

rFire    x . .     SeeInvis .   r - -3 hunting sling (curse)
rCold    + . .     Gourm    .   (no shield)
rNeg     + + +     Faith    .   h - +0 chain mail
rPois    ∞         Spirit   .   c - +0 helmet
rElec    .         Reflect  .   (no cloak)
rCorr    .         Harm     +   (no gloves)
MR       .....                  k - +2 pair of boots
Stlth    ..........             f - amulet of harm
HPRegen  0.15/turn              i - ring of flight
MPRegen  0.10/turn              (no ring)

@: no status effects
A: no food or potions, fire vulnerability, cold resistance 1, negative energy
resistance 3, torment resistance, unbreathing
a: Renounce Religion, Evoke Flight


You were on level 5 of the Dungeon.
You worshipped Okawaru.
Okawaru was noncommittal.
You were not hungry.

You visited 2 branches of the dungeon, and saw 6 of its levels.

You collected 248 gold pieces.

Inventory:

Hand Weapons
 a - a +1 shortbow
 b - a +0 spear
 m - a +2 dagger of electrocution
 r - a cursed -3 hunting sling (weapon)
Missiles
 d - 38 arrows
 g - 19 sling bullets (quivered)
 j - 102 stones
 q - 11 poisoned needles
Armour
 c - a +0 helmet (worn)
 h - a +0 chain mail (worn)
 k - a +2 pair of boots (worn)
Jewellery
 f - an amulet of harm (around neck)
 i - a ring of flight (left hand)
Scrolls
 e - a scroll of fog {!r}
 l - a scroll of amnesia {!r}
 n - a scroll of magic mapping {!r}
 o - a scroll of enchant weapon {!r}
 p - a scroll of enchant armour {!r}


   Skills:
 + Level 3.5 Fighting
 * Level 4.9 Bows
 + Level 2.9 Armour
 + Level 2.9 Dodging
 - Level 0.7 Stealth


You had 5 spell levels left.
You didn't know any spells.

Dungeon Overview and Level Annotations

Branches:
Dungeon (5/15)             Temple (1/1) D:4

Altars:
Ashenzari
Cheibriados
Elyvilon
Fedhas
Gozag
Hepliaklqana
Kikubaaqudgha
Makhleb
Nemelex Xobeh
Okawaru
Qazlal
Ru
Sif Muna
Trog
Vehumet
Wu Jian
Xom
Zin


Innate Abilities, Weirdness & Mutations

You do not eat or drink.
Your flesh is vulnerable to fire.
You are immune to poison.
Your flesh is cold resistant. (rC+)
You are immune to negative energy. (rN+++)
You are immune to unholy pain and torment.
You can survive without breathing.


Message History

You shoot a sling bullet.
The sling bullet closely misses the orc wizard.
The orc wizard barely misses you.
Firing (i - inventory. (,) - cycle):
g - 27 sling bullets (quivered)
Press: ? - help, Shift-Dir - straight line, f/p - orc wizard
Aim: an orc wizard, wielding a dagger and wearing a robe (moderately wounded)
You shoot a sling bullet.
The sling bullet barely misses the orc wizard.
The orc wizard hits you but does no damage.
Firing (i - inventory. (,) - cycle):
g - 26 sling bullets (quivered)
Press: ? - help, Shift-Dir - straight line, f/p - orc wizard
Aim: an orc wizard, wielding a dagger and wearing a robe (moderately wounded)
You shoot a sling bullet. The sling bullet hits the orc wizard.
The orc wizard is severely wounded.
The orc wizard hits you but does no damage.
Firing (i - inventory. (,) - cycle):
g - 25 sling bullets (quivered)
Press: ? - help, Shift-Dir - straight line, f/p - orc wizard
Aim: an orc wizard, wielding a dagger and wearing a robe (severely wounded)
You shoot a sling bullet.
The sling bullet closely misses the orc wizard.
The orc wizard hits you with a dagger. The orc wizard barely misses you.
Firing (i - inventory. (,) - cycle):
g - 24 sling bullets (quivered)
Press: ? - help, Shift-Dir - straight line, f/p - orc wizard
Aim: an orc wizard, wielding a dagger and wearing a robe (severely wounded)
You shoot a sling bullet.
The sling bullet closely misses the orc wizard.
The orc wizard hits you but does no damage.
Firing (i - inventory. (,) - cycle):
g - 23 sling bullets (quivered)
Press: ? - help, Shift-Dir - straight line, f/p - orc wizard
Aim: an orc wizard, wielding a dagger and wearing a robe (severely wounded)
You shoot a sling bullet.
The sling bullet closely misses the orc wizard.
The orc wizard hits you but does no damage.
Firing (i - inventory. (,) - cycle):
g - 22 sling bullets (quivered)
Press: ? - help, Shift-Dir - straight line, f/p - orc wizard
Aim: an orc wizard, wielding a dagger and wearing a robe (severely wounded)
You shoot a sling bullet.
The sling bullet barely misses the orc wizard.
The orc wizard hits you but does no damage.
Firing (i - inventory. (,) - cycle):
g - 21 sling bullets (quivered)
Press: ? - help, Shift-Dir - straight line, f/p - orc wizard
Aim: an orc wizard, wielding a dagger and wearing a robe (severely wounded)
You shoot a sling bullet.
The sling bullet closely misses the orc wizard.
The orc wizard mumbles some strange words.
The orc wizard flickers and vanishes!
No target in view!
No target in view!
No target in view!
No target in view!
Firing (i - inventory. (,) - cycle):
g - 20 sling bullets (quivered)
Press: ? - help, Shift-Dir - straight line You shoot a sling bullet.
You hear some strange, mumbled words.
A puff of flame appears from out of thin air!
The puff of flame hits you! The fire burns you terribly!
* * * LOW HITPOINT WARNING * * *
You hear some strange, mumbled words.
Something tries to affect you, but you resist.
A centaur comes into view.
You hear some strange, mumbled words.
A puff of flame appears from out of thin air!
The puff of flame hits you! The fire burns you terribly!
You die...

#####.#.{ ###
#.......o #...######
#.#
#....>@<[####(###...
#...####{#..o....#
##. #.#.##.##.# #
#.(....## #
#.......#
#.........#
#.......##.
#.c......#
#........#


There were no monsters in sight!

Vanquished Creatures
  An ogre (D:4)
  A quasit (D:5)
  A hound (D:4)
  An iguana (D:4)
  A jelly (D:2)
  An orc priest (D:3)
  2 worker ants
  A hound skeleton (D:4)
  3 gnolls (D:3)
  2 adders (D:2)
  10 oozes
  A worm (D:2)
  A dart slug (D:1)
  2 leopard geckos
  12 orcs
  7 giant cockroaches
  11 goblins
  7 hobgoblins
  3 jackals (D:2)
  15 kobolds
  A quokka (D:4)
  8 bats
  4 frilled lizards
  6 rats
102 creatures vanquished.

Vanquished Creatures (others)
  3 fungi (D:2)
  8 toadstools (D:2)
11 creatures vanquished.

Grand Total: 113 creatures vanquished

Notes
Turn   | Place    | Note
-------+----------+-------------------------------------------
     0 | D:1      | Amnesiac the Mummy Hunter began the quest for the Orb.
     0 | D:1      | Reached XP level 1. HP: 16/16 MP: 1/1
   153 | D:1      | Reached skill level 1 in Armour
   229 | D:1      | Reached XP level 2. HP: 22/22 MP: 2/2
   600 | D:1      | Reached XP level 3. HP: 25/27 MP: 3/3
   771 | D:2      | Found a snail-covered altar of Cheibriados.
  1082 | D:2      | Reached XP level 4. HP: 26/34 MP: 4/4
  1943 | D:2      | Reached skill level 4 in Bows
  1956 | D:2      | Reached XP level 5. HP: 18/40 MP: 5/5
  2966 | D:3      | Reached XP level 6. HP: 45/47 MP: 6/6
  3111 | D:4      | Found a staircase to the Ecumenical Temple.
  3188 | Temple   | Entered the Ecumenical Temple
  3608 | D:4      | Found a glowing silver altar of Zin.
  3655 | D:4      | Found an iron altar of Okawaru.
  3664 | D:4      | Became a worshipper of Warmaster Okawaru
  3749 | D:5      | Entered Level 5 of the Dungeon
  4013 | D:5      | Killed from afar by an orc wizard

Vault maps used:
D:1:      lemuel_arrival_funnel, minmay_misc_feat_tiny, minmay_crystal_room
D:2:      cheibrodos_fertilizer, cheibriados_altar_1
D:3:      first_bread
D:4:      zin_scriptorium, lemuel_crystal_altar, minmay_temple_entry_butterflies
D:5:      gammafunk_temple_overflow_forgotten, uniq_sigmund
Temple:   eino_wide_crystal_templ

Skill      XL: |  1  2  3  4  5 |
---------------+----------------+-----
Armour         | 1 2 |  2.9
Dodging        | 2 |  2.9
Bows           | 4 |  4.9
Fighting       | 3 |  3.5
Stealth        | |  0.7

Action                   |  1- 3 |  4- 6 || total
-------------------------+-------+-------++-------
Melee: Short sword       |    80 |       ||    80
       Spear             |       |   129 ||   129
 Fire: Shortbow          |    17 |   177 ||   194
       Hunting sling     |       |    90 ||    90
  Use: Scroll            |     2 |     5 ||     7
Armor: Leather armour    |    19 |       ||    19
       Chain mail        |     6 |   263 ||   269
Dodge: Dodged            |    71 |   165 ||   236

Table legend:
 A = Spawn XP
 B = Non-spawn XP
 C = Spawn XP percentage of total XP
 D = Spawn monster count
 E = Non-spawn monster count
 F = Spawn count percentage of total count
 G = Total turns spent on level
                    A         B        C        D         E        F      G
               +---------+---------+-------+---------+---------+-------+---------
         Total |       0 |     710 |   0.0 |       0 |     102 |   0.0 |  4013
               +---------+---------+-------+---------+---------+-------+---------
           D:1 |       0 |      51 |   0.0 |       0 |      23 |   0.0 |   829
           D:2 |       0 |     206 |   0.0 |       0 |      42 |   0.0 |  1505
           D:3 |       0 |     125 |   0.0 |       0 |      23 |   0.0 |   838
           D:4 |       0 |     274 |   0.0 |       0 |      10 |   0.0 |   539
           D:5 |       0 |      54 |   0.0 |       0 |       4 |   0.0 |   250
               +---------+---------+-------+---------+---------+-------+---------
